 Dungeon Crawl Stone Soup version 0.31.0-12-g77e489cdc1 (webtiles) character file.

Game seed: 18244841455329510352

1600 jagang the Fighter (level 8, -4/69 HPs)
             Began as a Human Monk on Feb 23, 2024.
             Was an Elder of Okawaru.
             Slain by a troll (9 damage)
             ... on level 6 of the Dungeon.
             The game lasted 00:07:06 (4489 turns).

jagang the Fighter (Human Monk)                     Turns: 4489, Time: 00:07:07

Health: -4/69      AC:  8    Str: 11    XL:     8   Next: 94%
Magic:  0/8        EV: 11    Int: 12    God:    Okawaru [****..]
Gold:   309        SH:  0    Dex: 17    Spells: 7/7 levels left

rFire   . . .        w - +0 scimitar
rCold   + . .        d - orb {light}
rNeg    . . .        o - +2 ring mail {rC+}
rPois   .            (no helmet)
rElec   .            (no cloak)
rCorr   .            (no gloves)
SInv    .            (no boots)
Will    .....        n - amulet of guardian spirit
Stlth   +            (no ring)
HPRegen 0.31/turn    (no ring)
MPRegen 0.11/turn

%: guardian spirit
@: glowing
A: explore regen
a: Renounce Religion, Heroism, Finesse


You were on level 6 of the Dungeon.
You worshipped Okawaru.
Okawaru was greatly pleased with you.
You visited 1 branch of the dungeon, and saw 6 of its levels.

You collected 309 gold pieces.

Inventory:

Hand Weapons
 w - a +0 scimitar (weapon)
Missiles
 q - 8 boomerangs (quivered)
Armour
 d - an orb of light (worn)
 o - a +2 ring mail of cold resistance (worn)
Jewellery
 n - an amulet of guardian spirit (around neck)
 v - a ring of wizardry
Talismans
 x - a talisman of death
Wands
 y - a wand of mindburst (15)
Scrolls
 a - a scroll of identify
 b - 2 scrolls of poison
 e - a scroll of revelation
 i - a scroll of fog
 l - a scroll of teleportation
 m - 3 scrolls of enchant armour
 r - a scroll of silence
 s - a scroll of noise
 u - 3 scrolls of amnesia
Potions
 c - a potion of ambrosia
 f - a potion of heal wounds {unknown}
 g - 2 potions of haste {unknown}
 h - a potion of invisibility {unknown}
 j - a potion of lignification {unknown}
 k - 2 potions of might {unknown}
 p - 4 potions of curing
 t - a potion of degeneration {unknown}
 z - a potion of berserk rage {unknown}


   Skills:
 * Level 8.4 Fighting
 + Level 6.2 Long Blades
 + Level 5.2 Armour
 - Level 3.0 Dodging


You had 7 spell levels left.
You didn't know any spells.
Your spell library contained the following spells:

 Spells                   Type           Power      Damage    Failure   Level
 Cigotuvi's Dreadful Rot  Necr/Alch/Air  0%         N/A       73%         2
 Ignite Poison            Fire/Alch      0%         N/A       100%        4
 Freezing Cloud           Conj/Ice/Air   0%         6-21      100%        5


Dungeon Overview and Level Annotations

Branches:
Dungeon (6/15)
 Temple: D:4-7

Altars:
Ashenzari
Cheibriados
Dithmenos
Fedhas
Okawaru
Sif Muna

Shops:
D:2 *


Innate Abilities, Weirdness & Mutations

You regain HP and MP as you explore.


Message History

The troll is lightly wounded.
You throw a boomerang. The boomerang hits the troll.
The troll is lightly wounded.
You throw a boomerang. The boomerang hits the troll.
The troll is lightly wounded.
The troll bites you. The troll claws you but does no damage.
The troll barely misses you.
You slash the troll!
The troll is moderately wounded.
The troll bites you. The troll claws you. The troll claws you!
You hit the troll but do no damage.
The troll is moderately wounded.
The troll completely misses you. The troll claws you.
The troll claws you but does no damage.
You hit the troll.
The troll is moderately wounded.
The troll bites you. The troll claws you but does no damage.
The troll misses you.
You slash the troll!
The troll is heavily wounded.
The troll bites you! The troll claws you but does no damage.
The troll claws you.
You slash the troll!
The troll is almost dead.
The troll barely misses you.
The troll claws you. x2; The troll bites you!
The troll claws you but does no damage. The troll claws you.
You are too injured to fight recklessly!
You hit the troll.
The troll is almost dead.
The troll bites you.
* * * LOW HITPOINT WARNING * * *
The troll claws you.
* * * LOW HITPOINT WARNING * * *
The troll claws you but does no damage.
You barely miss the troll.
The troll is almost dead.
The troll bites you!
* * * LOW HITPOINT WARNING * * *
The troll claws you!
You die...

#.# #.# #.# #.# #.# #.#
#.# #.#
#.########.#######
#.................
#.########.#...... #.#
#.#.##### #@# #.#<.....
.......T.........#.#####
.................#.#
#####....#####...#.#
#....# .###.# #....# #.#
#....# #.# .....# ..#


You could see a troll.

Vanquished Creatures
  Pikel (D:5)
  A steam dragon (D:4)
  A sky beast (D:5)
  2 ogres
  An ice beast (D:5)
  2 black bears (D:5)
  A lemure (D:5)
  A phantom (D:4)
  A bullfrog (D:5)
  A scorpion (D:5)
  2 bombardier beetles
  A sleepcap (D:4)
  An iguana (D:4)
  2 orc wizards (D:3)
  7 adders
  A dart slug (D:3)
  4 ribbon worms
  6 orcs (D:3)
  5 bats
  7 endoplasms
  A giant cockroach (D:4)
  7 goblins
  5 hobgoblins
  4 jackals (D:5)
  11 kobolds
  5 quokkas
  14 ball pythons
  4 frilled lizards
  2 rats
101 creatures vanquished.

Notes
Turn   | Place    | Note
-------+----------+-------------------------------------------
     0 | D:1      | jagang the Human Monk began the quest for the Orb.
     0 | D:1      | Reached XP level 1. HP: 18/18 MP: 1/1
   234 | D:1      | Reached XP level 2. HP: 17/24 MP: 2/2
   533 | D:1      | You fall into a shaft and drop 1 floor!
   555 | D:2      | Reached skill level 1 in Armour
   572 | D:2      | Reached XP level 3. HP: 23/29 MP: 3/3
   824 | D:2      | Found a shimmering blue altar of Sif Muna.
   978 | D:2      | Found Rauhyuc's General Store.
  1468 | D:3      | Found a snail-covered altar of Cheibriados.
  1480 | D:3      | Reached skill level 4 in Fighting
  1490 | D:3      | Reached XP level 4. HP: 36/37 MP: 1/4
  1593 | D:3      | Reached XP level 5. HP: 41/43 MP: 3/5
  1637 | D:3      | Found a broken altar of Ashenzari.
  1842 | D:3      | Found a blossoming altar of Fedhas.
  2279 | D:4      | Found an iron altar of Okawaru.
  2374 | D:4      | Became a worshipper of Warmaster Okawaru
  2374 | D:4      | Reached * piety under Okawaru
  2374 | D:4      | Reached ** piety under Okawaru
  2408 | D:4      | Noticed an ogre
  2420 | D:4      | Killed an ogre
  2421 | D:4      | Reached skill level 5 in Fighting
  2421 | D:4      | Reached XP level 6. HP: 43/51 MP: 2/6
  2458 | D:4      | Found a shadowy altar of Dithmenos.
  2793 | D:4      | Noticed a steam dragon
  2808 | D:4      | Killed a steam dragon
  2809 | D:4      | Reached skill level 6 in Fighting
  2809 | D:4      | Reached XP level 7. HP: 16/58 MP: 1/7
  3479 | D:5      | Entered Level 5 of the Dungeon
  3555 | D:5      | Reached skill level 5 in Long Blades
  3729 | D:5      | Reached *** piety under Okawaru
  3853 | D:5      | Reached XP level 8. HP: 65/65 MP: 8/8
  3857 | D:5      | Reached skill level 7 in Fighting
  4286 | D:5      | Noticed Pikel
  4314 | D:5      | Killed Pikel
  4314 | D:5      | Reached **** piety under Okawaru
  4315 | D:5      | Reached skill level 8 in Fighting
  4315 | D:5      | Reached skill level 5 in Armour
  4477 | D:6      | Noticed a troll
  4489 | D:6      | Slain by a troll

Illustrated notes

Levels and vault maps discovered:
D:1:      lordsloth_arrival_two_stooges, layout_basic
D:2:      layout_loops_ring, basic_altar, serial_shops,
          nicolae_shop_tiny_statue_garden, kennysheep_generic_room_12
D:3:      layout_basic, mainiacjoe_overflow_paths, kennysheep_slug_shrine,
          mainiacjoe_overflow_small_starburst, minmay_pentomino_pile
D:4:      minmay_skewed_foursquare, layout_loops_cross,
          nicolae_dithmenos_shadow_blocks, okawaru_trees_1
D:5:      layout_rooms, uniq_pikel
D:6:      layout_basic, tso_metal_star, minmay_temple_entry_grid,
          uniq_eustachio, uniq_grinder, uniq_edmund

Skill      XL: |  1  2  3  4  5  6  7  8 |
---------------+-------------------------+-----
Armour         | 1 2 3 4 5 |  5.2
Fighting       | 4 5 6 8 |  8.4
Long Blades    | 4 5 6 |  6.2
Dodging        | |  3.0

Action                     |  1- 3 |  4- 6 |  7- 9 || total
---------------------------+-------+-------+-------++-------
  Melee: Falchion          |   100 |   148 |    34 ||   282
         Scimitar          |       |       |    76 ||    76
  Throw: Boomerang         |       |    14 |    11 ||    25
 Invoke: Heroism           |       |     1 |     1 ||     2
    Use: Scroll            |       |       |     9 ||     9
 Armour: Chain mail        |    66 |       |       ||    66
         Robe              |     4 |       |       ||     4
         Ring mail         |    11 |   105 |    98 ||   214
  Dodge: Dodged            |    34 |    75 |    75 ||   184
